 Zot Defence DCSS version 0.15.2 (webtiles) character file.

1096 Jannitor the Ruffian (level 8, 80/80 HPs)
             Began as a Troll Monk on July 5, 2017.
             Was a High Priest of Jiyva.
             Quit the game in the Realm of Zot (Scenario II: Battle Heart).
             The game lasted 00:07:04 (1108 turns).

Jannitor the Ruffian (Troll Monk)                   Turns: 1108, Time: 00:07:04

HP  80/80        AC  5     Str 20      XL: 8   Next: 10%
MP   3/3         EV 12     Int  6      God: Jiyva [*****.]
Gold 0           SH  0     Dex 14      Spells:  0 memorised,  7 levels left

rFire  . . .     SeeInvis .       - Unarmed
rCold  . . .     Clarity  .     a - +0 robe
rNeg   . . .     rCorr    +     (shield restricted)
rPois  .         rRot     .     (helmet restricted)
rElec  .         Spirit   .     (no cloak)
SustAb .         Warding  .     (gloves unavailable)
rMut   .         Stasis   .     (boots unavailable)
Gourm  +                        (no amulet)
MR     .....                    (no ring)
                                (no ring)

@: not resistant to hostile enchantments, unstealthy
A: unfitting armour, claws 3, fast metabolism 3, gourmand, regeneration 2,
saprovore 2, shaggy fur 1, tough skin 2, translucent skin 1
a: Make oklob sapling, Make arrow trap, Make plant, Remove Curse, Make burning
bush, Make altar, Make grenades, Make oklob plant, Make net trap, Request Jelly,
Jelly Paralyse, Slimify, Cure Bad Mutation, Renounce Religion


You were in the Realm of Zot.
You worshipped Jiyva.
Jiyva was extremely pleased with you.
You were not hungry.

You visited 1 branch

Inventory:

Armour
 a - a +0 robe (worn)
Comestibles
 c - 2 meat rations
Scrolls
 h - a scroll of blinking
Potions
 b - 3 potions of curing
 d - a potion of heal wounds
 e - a potion of haste
 f - 2 potions of magic
 g - a potion of berserk rage


   Skills:
 + Level 5.0 Fighting
 + Level 5.4 Dodging
 - Level 1.1 Stealth
 + Level 6.7 Unarmed Combat


You had 7 spell levels left.
You didn't know any spells.

Dungeon Overview and Level Annotations

Branches:
    Zot (1/1)

Altars:
Jiyva


Innate Abilities, Weirdness & Mutations

You are too large for most types of armour.
You have claws for hands.
Your metabolism is lightning-fast.
You like to eat raw meat.
You heal very quickly.
You can eat rotten meat.
You are covered in fur (AC +1).
You have very tough skin (AC +2).
Your skin is partially translucent.


Message History

The puff of flame hits the big kobold zombie.
The big kobold zombie is destroyed!
Unknown command.
You sense that a powerful threat has arrived.
You hear a splatter.
The jelly hits your oklob sapling but does no damage.
Unknown command.
You hear an ominous buzzing.
You start waiting.
Jiyva says: Divide and consume!
Your Fighting skill increases to level 5!
You feel a bit more experienced.
Unknown command.
A killer bee comes into view.
Your burning bush throws fire at the killer bee.
The puff of flame hits the killer bee.
The killer bee dies!
You sense that a powerful threat has arrived.
A worker ant comes into view.
Are you sure you want to abandon this character and quit the game? (Confirm with "yes".)

▓ ▓ ▓▓▓ ▓▓▓ ▓▓▓ ..▓▓ ▓▓.▓▓ ▓▓..
...▓▓ ▓▓...▓▓ ▓▓... ....▓▓▓
▓▓J....▓▓ ▓▓▓....
......▓▓▓▓▓▓▓...P..P▓▓▓▓▓▓▓......
......▓...................▓......
...........((..(@((((.a..........
▓▓▓▓▓▓▓...................▓▓▓▓▓▓▓
▓ ▓▓▓▓▓▓▓..PP...▓▓▓▓▓▓▓ ▓
▓▓.....▓▓ ▓▓...▓▓ ▓▓.▓▓ ▓▓▓▓▓
▓▓▓▓▓▓▓▓▓▓▓▓▓▓▓ ▓▓▓▓▓ ....▓▓
▓∆∆∆∆∆▓ ▓∆∆∆∆∆▓ ▓▓.... .....▓
▓∆▓∆▓∆▓▓▓∆▓∆▓∆▓ ▓.....


You could see a worker ant, a neutral jelly (fellow slime), 3 friendly burning
bushes and a friendly oklob sapling.

Vanquished Creatures
  2 scorpions (Zot)
  A giant frog (Zot)
  An iguana (Zot)
  Jessica (Zot)
  3 adders (Zot)
  A worm (Zot)
  2 bats (Zot)
  A jackal (Zot)
  8 kobolds (Zot)
  3 oozes (Zot)
  3 ball pythons (Zot)
  4 giant newts (Zot)
  4 goblins (Zot)
  A rat (Zot)
35 creatures vanquished.

Vanquished Creatures (collateral kills)
  Grum (Zot)
  A goliath beetle (Zot)
  A killer bee (Zot)
  A big kobold zombie (Zot)
  A worker ant zombie (Zot)
  A gnoll (Zot)
  An adder (Zot)
  2 green rats (Zot)
  A worm (Zot)
  3 giant geckos (Zot)
  An ooze (Zot)
  4 bats (Zot)
  A giant cockroach (Zot)
  6 goblins (Zot)
  3 hobgoblins (Zot)
  A ball python (Zot)
  3 kobolds (Zot)
  A rat (Zot)
33 creatures vanquished.

Vanquished Creatures (others)
  Purgy (Zot)
  10 jellies (Zot)
  An oklob sapling (Zot)
  A killer bee (Zot)
  An adder (Zot)
  A green rat (Zot)
  A worm (Zot)
  9 giant geckos (Zot)
  An ooze (Zot)
  2 hobgoblins (Zot)
  2 jackals (Zot)
  3 quokkas (Zot)
  A ball python (Zot)
  3 giant newts (Zot)
  A goblin (Zot)
  2 kobolds (Zot)
  2 rats (Zot)
  A butterfly (Zot)
43 creatures vanquished.

Grand Total: 111 creatures vanquished

Notes
Turn   | Place    | Note
--------------------------------------------------------------
     0 | Zot      | Jannitor, the Troll Monk, began the quest for the Orb.
     0 | Zot      | Reached XP level 1. HP: 22/22 MP: 1/1
   236 | Zot      | Reached XP level 2. HP: 26/29 MP: 1/1
   251 | Zot      | Reached XP level 3. HP: 31/36 MP: 2/2
   371 | Zot      | Noticed Bytzen
   385 | Zot      | Killed Bytzen the scorpion
   385 | Zot      | Reached skill level 5 in Unarmed Combat
   385 | Zot      | Reached XP level 4. HP: 43/45 MP: 2/2
   385 | Zot      | Reached XP level 5. HP: 50/53 MP: 2/2
   554 | Zot      | Noticed Jessica
   570 | Zot      | Killed Jessica
   570 | Zot      | Reached XP level 6. HP: 61/61 MP: 3/3
   578 | Zot      | Became a worshipper of Jiyva Jeorait the Shapeless
   578 | Zot      | Acquired Jiyva's first power
   578 | Zot      | Acquired Jiyva's second power
   740 | Zot      | Reached XP level 7. HP: 60/70 MP: 3/3
   765 | Zot      | Gained mutation: Your skin is partially translucent. [Jiyva's grace]
   882 | Zot      | Killed Purgy
   882 | Zot      | Reached skill level 6 in Unarmed Combat
   917 | Zot      | Acquired Jiyva's third power
   935 | Zot      | Gained mutation: You are agile. (Dex +2) [Jiyva's grace]
   944 | Zot      | Lost mutation: You are agile. (Dex +2) [Jiyva's grace]
   944 | Zot      | Acquired Jiyva's fourth power
   954 | Zot      | Noticed Grum
   956 | Zot      | Reached skill level 5 in Dodging
   968 | Zot      | Killed Grum
   968 | Zot      | Reached XP level 8. HP: 64/79 MP: 3/3
  1092 | Zot      | Reached skill level 5 in Fighting
  1108 | Zot      | Quit the game

Action                   |  1- 3 |  4- 6 |  7- 9 || total
-------------------------+-------+-------+-------++-------
Melee: Unarmed           |    56 |    35 |    17 ||   108
 Abil: Make burning bush |       |     1 |     2 ||     3
       Make altar        |       |     1 |       ||     1
       Make oklob saplin |       |       |     2 ||     2
  Eat: Chunk             |     3 |     8 |       ||    11
